 Dungeon Crawl Stone Soup version 0.18-a0-1788-g92de1ac (webtiles) character file.

8748 dobroeutro the Blocker (level 11, -16/72 HPs)
             Began as a Gargoyle Fighter on Apr 20, 2016.
             Was an Elder of Okawaru.
             Demolished by Maud
             ... wielding a +1 eveningstar
              (33 damage)
             ... on level 10 of the Dungeon.
             The game lasted 00:20:20 (8369 turns).

dobroeutro the Blocker (Gargoyle Fighter)           Turns: 8369, Time: 00:20:21

Health: -16/72     AC: 21    Str: 23    XL:     11   Next: 35%
Magic:  11/11      EV:  7    Int:  8    God:    Okawaru [****..]
Gold:   573        SH: 19    Dex: 10    Spells: 0 memorised, 10 levels left

rFire  . . .     SeeInvis +     g - +4 whip (elec)
rCold  + . .     Gourm    .     E - +0 scale mail (curse)
rNeg   + . .     Faith    .     b - +0 large shield
rPois  ∞         Spirit   .     (no helmet)
rElec  +         Dismiss  .     C - +0 cloak (curse)
rCorr  .         Reflect  +     s - +1 pair of gloves
SustAt .         Harm     .     K - +0 pair of boots
MR     +....     Clarity  +     e - +2 amulet of reflection
Stlth  .......... Rnd*Tele +    F - ring of protection from magic
                                I - ring of protection from cold

@: very slightly contaminated, invisible, somewhat resistant to hostile
enchantments, extremely unstealthy
A: see invisible, clarity, dopey 1, negative energy resistance 1, electricity
resistance, strong 1, teleportitis 1, unbreathing, petrification resistance, no
device heal 1, rot immunity, AC +7
a: Heroism, Renounce Religion


You were on level 10 of the Dungeon.
You worshipped Okawaru.
Okawaru was greatly pleased with you.
You were not hungry.

You visited 2 branches of the dungeon, and saw 11 of its levels.
You also visited: Ossuary.

You collected 573 gold pieces.

Inventory:

Hand Weapons
 a - a +0 flail
 g - a +4 whip of electrocution (weapon)
Missiles
 y - 3 tomahawks of returning (quivered)
Armour
 b - a +0 large shield (worn)
 q - the +0 helmet of the Gardener {rPois MR+ MP+9 Dex-5}
   (You took it off Robin on level 3 of the Dungeon)

   It affects your dexterity (-5).
   It protects you from poison.
   It affects your resistance to hostile enchantments.
   It affects your magic capacity (+9).
 s - a +1 pair of gloves (worn)
 C - a cursed +0 cloak (worn)
 E - a cursed +0 scale mail (worn)
 K - a +0 pair of boots (worn)
Jewellery
 e - a +2 amulet of reflection (around neck)
 F - a ring of protection from magic (right hand)
 I - a ring of protection from cold (left hand)
Wands
 J - a wand of confusion (22/48)
 L - a wand of disintegration (24/24)
 M - a wand of random effects (32/48)
 U - a wand of teleportation (4/9)
Scrolls
 c - 3 scrolls of remove curse
 k - 4 scrolls of recharging
 l - a scroll of enchant weapon
 t - a scroll of magic mapping
 x - 3 scrolls of blinking {unknown}
 A - 2 scrolls of amnesia {unknown}
 B - 4 scrolls of enchant armour {unknown}
 D - 2 scrolls of immolation {unknown}
 H - a scroll of summoning {unknown}
 N - 7 scrolls of random uselessness {unknown}
 Q - 4 scrolls of noise {unknown}
 T - a scroll of identify
Potions
 d - a potion of might
 h - 2 potions of lignification
 i - a potion of ambrosia {unknown}
 j - 3 potions of curing
 m - 3 potions of brilliance
 p - 2 potions of agility
 r - a potion of resistance
 u - a potion of haste
 w - 2 potions of flight
 z - 3 potions of heal wounds {unknown}
 G - a potion of berserk rage {unknown}
 O - 3 potions of degeneration {unknown}
 P - 2 potions of cure mutation {unknown}
Comestibles
 f - 8 bread rations
 n - 2 slices of pizza
 o - 2 beef jerkies
 v - a chunk of flesh
 S - a meat ration


   Skills:
 + Level 9.9 Fighting
 + Level 9.0 Maces & Flails
 + Level 10.1 Armour
 + Level 10.3 Shields


You had 10 spell levels left.
You didn't know any spells.

Dungeon Overview and Level Annotations

Branches:
Dungeon (10/15)            Temple (1/1) D:4            Lair (0/8) D:8
    Orc (0/2) D:10

Altars:
Ashenzari
Cheibriados
Dithmenos
Elyvilon
Fedhas
Gozag
Kikubaaqudgha
Makhleb
Nemelex Xobeh
Okawaru
Pakellas
Qazlal
Ru
Sif Muna
Trog
Vehumet
Xom
Yredelemnul
Zin
The Shining One

Shops:
D:9 *

Annotations:
D:7 barb4r1an's ghost, novice TrMo
D:10 Maud


Innate Abilities, Weirdness & Mutations

You are resistant to torment.
Your stone body is resilient (AC +7).
You are immune to poison.
You resist negative energy.
You are resistant to electric shocks.
You can survive without breathing.
You are immune to petrification.
You are immune to rotting.
You have supernaturally acute eyesight.
You possess an exceptional clarity of mind.
You are dopey. (Int -2)
Your muscles are strong. (Str +2)
You are occasionally teleported next to monsters.
Potions and wands are less effective at restoring your health.


Message History

You are too injured to fight recklessly!
You are too injured to fight recklessly!
You are too injured to fight recklessly!
You are too injured to fight recklessly!
You are too injured to fight recklessly!
Drink which item? (? for menu, Esc to quit)
Okay, then.
Press: ? - help, v - describe, . - travel
Here: Maud, wielding an enchanted eveningstar and wearing a plate armour (almost dead, unusually strong)
The floor, spattered with blood.
Drink which item? (? for menu, Esc to quit)
You fade into invisibility!
You block Maud's attack.
You are very lightly contaminated with residual magic.
Drink which item? (? for menu, Esc to quit)
You feel better. You block Maud's attack.
Drink which item? (? for menu, Esc to quit)
You feel better.
Maud hits you with an enchanted eveningstar!!
You die...

####.#### #........# ##
#..# #####.#### ######.##
#....# ## #.......#
#.#### #. #>......#
###'##### ###.
#.......####.......# #.'.
#.......#C.'.......###<#.
#.......#@##.......#...#.
#.......@.##.......'.###.
#.......####.......### ##
#.......# ##'######
#.......# #.# ###.#####
#.# #.. #.## ### #..#
#########+### ##.#
#...........# #.#


You could see Maud and a hill giant.

Vanquished Creatures
  Josephine (D:10)
  Erica (D:8)
  The ghost of RexLacerta the Destroyer, a novice DgFE (D:9)
  Joseph (D:9)
  A troll (D:10)
  3 wraiths (D:10)
  Eustachio (D:4)
  4 hippogriffs
  A steam dragon (D:8)
  2 wargs (D:8)
  A water moccasin (D:10)
  5 orc warriors
  2 sky beasts (D:9)
  4 ice beasts
  3 phantoms
  4 ogres
  6 centaurs
  A big kobold (D:7)
  2 giant frogs
  2 scorpions
  A water moccasin skeleton (D:5)
  13 killer bees
  2 vampire bats (D:5)
  A crimson imp (D:7)
  A giant frog zombie (D:7)
  2 centaur zombies
  5 quasits
  3 hounds
  A jelly (D:7)
  3 orc priests
  A giant frog skeleton (D:6)
  10 orc wizards
  2 iguanas
  Natasha (thrice) (D:4)
  8 worker ants
  A big kobold zombie (Ossuary)
  4 mummies (Ossuary)
  A hound skeleton (D:9)
  Robin (D:3)
  16 adders
  4 gnolls (D:6)
  An adder skeleton (D:9)
  7 worms
  3 dart slugs
  7 giant geckos
  23 orcs
  2 ball pythons
  4 bat skeletons (D:5)
  A bat zombie (D:5)
  A giant cockroach (D:2)
  A gnoll zombie (Ossuary)
  13 goblins
  11 hobgoblins
  14 jackals
  5 quokkas
  6 bats
  A giant gecko zombie (D:6)
  3 giant newts
  2 goblin zombies (Ossuary)
  A hobgoblin zombie (Ossuary)
  11 kobolds
  2 kobold zombies (Ossuary)
  A quokka zombie (D:7)
  14 rats
  A spectral orc (D:8)
264 creatures vanquished.

Vanquished Creatures (others)
  An orc wizard (D:9)
1 creature vanquished.

Grand Total: 265 creatures vanquished

Notes
Turn   | Place    | Note
--------------------------------------------------------------
     0 | D:1      | dobroeutro the Gargoyle Fighter began the quest for the Orb.
     0 | D:1      | Reached XP level 1. HP: 14/14 MP: 1/1
   234 | D:1      | Reached XP level 2. HP: 15/19 MP: 2/2
   850 | D:2      | Reached XP level 3. HP: 20/23 MP: 3/3
  1046 | D:2      | Reached XP level 4. HP: 16/28 MP: 4/4
  1628 | D:3      | Reached XP level 5. HP: 7/33 MP: 5/5
  1685 | D:3      | Found an opulent altar of Gozag.
  1709 | D:3      | Found a faded altar to an unknown god.
  1897 | D:3      | Noticed Robin
  1904 | D:3      | Killed Robin
  1908 | D:3      | Got a faintly humming helmet
  1914 | D:3      | Identified the cursed +0 helmet of the Gardener {rPois MR+ MP+9 Dex-5} (You took it off Robin on level 3 of the Dungeon)
  2522 | D:3      | Reached skill level 5 in Shields
  2522 | D:3      | Reached XP level 6. HP: 33/38 MP: 6/6
  2712 | D:4      | Noticed Natasha
  2718 | D:4      | Killed Natasha
  2934 | D:4      | Found a staircase to the Ecumenical Temple.
  2943 | Temple   | Entered the Ecumenical Temple
  3045 | D:4      | Reached skill level 5 in Armour
  3096 | D:4      | Noticed Natasha
  3104 | D:4      | Killed Natasha
  3104 | D:4      | Reached XP level 7. HP: 44/44 MP: 7/7
  3135 | D:4      | Noticed Natasha
  3135 | D:4      | Noticed Eustachio
  3138 | D:4      | Killed Natasha
  3146 | D:4      | Killed Eustachio
  3446 | D:5      | Entered Level 5 of the Dungeon
  3523 | D:5      | Reached skill level 5 in Fighting
  3623 | D:5      | Reached XP level 8. HP: 42/49 MP: 8/8
  3688 | D:5      | Found an ancient bone altar of Kikubaaqudgha.
  3694 | D:5      | Reached skill level 5 in Maces & Flails
  4505 | D:7      | Reached XP level 9. HP: 42/56 MP: 9/9
  4557 | D:7      | Found a sparkling altar of Nemelex Xobeh.
  4810 | D:7      | Noticed barb4r1an's ghost (novice TrMo)
  5690 | D:7      | Found a glowing golden altar of the Shining One.
  5693 | D:7      | Found a white marble altar of Elyvilon.
  5694 | D:7      | Found a glowing silver altar of Zin.
  5782 | D:8      | Found a shattered altar of Ashenzari.
  5788 | D:8      | Found a blossoming altar of Fedhas.
  5788 | D:8      | Found an iron altar of Okawaru.
  5799 | D:8      | Found an oddly glowing altar of Pakellas.
  5807 | D:8      | Found a sand-covered staircase.
  5834 | D:8      | Became a worshipper of Warmaster Okawaru
  5847 | Ossuary  | Entered an ossuary
  6113 | Ossuary  | Gained mutation: You possess an exceptional clarity of mind. [potion of mutation]
  6113 | Ossuary  | Gained mutation: You are dopey. (Int -2) [potion of mutation]
  6113 | Ossuary  | Gained mutation: You are robust (+10% HP). [potion of mutation]
  6114 | Ossuary  | Gained mutation: You are clumsy. (Dex -2) [potion of mutation]
  6114 | Ossuary  | Lost mutation: You are robust (+10% HP). [potion of mutation]
  6270 | D:8      | Noticed Erica
  6282 | D:8      | Killed Erica
  6282 | D:8      | Reached * piety under Okawaru
  6282 | D:8      | Reached XP level 10. HP: 23/64 MP: 10/10
  6606 | D:8      | Found a staircase to the Lair.
  6860 | D:8      | Reached ** piety under Okawaru
  6974 | D:8      | Found a snail-covered altar of Cheibriados.
  7091 | D:8      | Found a basalt altar of Yredelemnul.
  7455 | D:9      | Lost mutation: You are clumsy. (Dex -2) [mutagenic meat]
  7457 | D:9      | Gained mutation: You have supernaturally acute eyesight. [mutagenic meat]
  7458 | D:9      | Gained mutation: Potions and wands are less effective at restoring your health. [mutagenic meat]
  7459 | D:9      | Gained mutation: You are occasionally teleported next to monsters. [mutagenic meat]
  7460 | D:9      | Gained mutation: Your muscles are strong. (Str +2) [mutagenic meat]
  7464 | D:9      | Found a shattered altar of Ashenzari.
  7488 | D:9      | Found Eddusum's Assorted Antiques.
  7489 | D:9      | Noticed RexLacerta's ghost (novice DgFE)
  7504 | D:9      | Noticed Joseph
  7513 | D:9      | Killed RexLacerta's ghost
  7526 | D:9      | Killed Joseph
  7526 | D:9      | Reached *** piety under Okawaru
  7526 | D:9      | Reached XP level 11. HP: 55/71 MP: 11/11
  7826 | D:10     | Entered Level 10 of the Dungeon
  7866 | D:10     | Reached skill level 10 in Shields
  8020 | D:10     | Found a staircase to the Orcish Mines.
  8064 | D:10     | Noticed Josephine
  8078 | D:10     | Killed Josephine
  8078 | D:10     | Reached **** piety under Okawaru
  8078 | D:10     | Reached skill level 10 in Armour
  8353 | D:10     | Noticed Maud
  8359 | D:10     | Noticed a hill giant
  8369 | D:10     | Demolished by Maud

Vault maps used:
D:1:      lightli_arrival_maybe_door_vault, kennysheep_pointless_box
D:3:      nicolae_gozag_seed_capital, first_bread, ecumenical_altar_2,
          uniq_robin
D:4:      minmay_temple_entry_hall, uniq_eustachio, uniq_natasha
D:5:      kennysheep_vampire_church
D:6:      grunt_ministairs_3
D:7:      good_gods_temple_1, nicolae_overflow_crystal_walls, serial_park,
          serial_park_gazebo, serial_park_square3, uniq_crazy_yiuf_cottage
D:8:      yredelemnul_forgotten_temple_becter, lemuel_crystal_altar,
          gammafunk_temple_overflow_forgotten, erik_lair_orcish_takeover,
          enter_ossuary_1, basic_altar, uniq_erica
D:9:      lemuel_doored_altar, serial_shops, shop, uniq_joseph
D:10:     orc_0_dummy, uniq_josephine, uniq_maud
Temple:   circular_temple_pool_8
Ossuary:  ossuary_crypta

Skill      XL: |  1  2  3  4  5  6  7  8  9 10 11 |
---------------+----------------------------------+-----
Shields        | 4 5 6 7 8 9 10 | 10.3
Armour         | 4 5 6 8 9 10 | 10.1
Maces & Flails | 3 4 6 7 8 9 |  9.0
Fighting       | 4 5 6 8 9 |  9.9

Action                   |  1- 3 |  4- 6 |  7- 9 | 10-12 || total
-------------------------+-------+-------+-------+-------++-------
Melee: Flail             |   153 |   147 |       |       ||   300
       Whip              |       |    85 |   465 |   387 ||   937
  Use: Scroll            |       |     2 |     7 |     1 ||    10
       Potion            |       |       |     5 |     3 ||     8
 Stab: Invisible         |       |       |     3 |       ||     3
  Eat: Chunk             |     1 |     6 |    11 |     9 ||    27
       Meat ration       |       |       |       |     1 ||     1
Armor: Scale mail        |    89 |   114 |   263 |   116 ||   582
Dodge: Dodged            |    66 |    58 |   149 |    47 ||   320
Block: Shield            |    95 |   106 |   115 |       ||   316
       Large shield      |       |       |   334 |   263 ||   597
       Reflection        |       |       |       |     4 ||     4
